 Dungeon Crawl Stone Soup version 0.27.0-1-g7a089689b8 (webtiles) character file.

Game seed: 17104221832922226227

8518 shoop the Slicer (level 11, -7/61 HPs)
             Began as a Kobold Delver on Aug 10, 2021.
             Was a High Priest of Uskayaw.
             Mangled by a skeletal warrior (10 damage)
             ... led by a skeletal warrior
             ... on level 12 of the Dungeon.
             The game lasted 00:33:21 (15394 turns).

shoop the Slicer (Kobold Delver)                   Turns: 15394, Time: 00:33:22

Health: -7/61      AC: 12    Str: 13    XL:     11   Next: 57%
Magic:  17/18      EV: 16    Int: 14    God:    Uskayaw [*****.]
Gold:   651        SH:  0    Dex: 20    Spells: 14/18 levels left

rFire    . . .     SeeInvis +   a - +5 scimitar (freeze)
rCold    + . .     Faith    .   (shield restricted)
rNeg     . . .     Spirit   .   x - +2 ring mail {rC+}
rPois    +         Reflect  .   v - +0 helmet
rElec    .         Harm     .   H - +0 cloak
rCorr    .         Rampage  .   k - +0 pair of gloves
Will     .....                  W - +0 pair of boots
Stlth    ++++......             (no amulet)
HPRegen  0.20/turn              F - ring of see invisible
MPRegen  0.16/turn              N - ring of Quajopp {rPois Str+3 Dex+3}

@: no status effects
A: small, no large weapons, nightstalker 3
a: Renounce Religion, Stomp, Line Pass, Grand Finale


You were on level 12 of the Dungeon.
You worshipped Uskayaw.
Uskayaw was aware of your devotion.
You visited 2 branches of the dungeon, and saw 13 of its levels.

You collected 651 gold pieces.

Inventory:

Hand Weapons
 a - a +5 scimitar of freezing (weapon)
 b - a +2 dagger of speed
 q - a +0 dagger
 t - a +0 short sword
 A - a +2 short sword of holy wrath
Missiles
 z - 5 poisoned darts (quivered)
 G - 3 curare-tipped darts
 U - a throwing net
Armour
 j - a +0 leather armour
 k - a +0 pair of gloves (worn)
 v - a +0 helmet (worn)
 x - a +2 ring mail of cold resistance (worn)
 H - a +0 cloak (worn)
 J - a +0 leather armour of fire resistance
 L - a +0 robe of the Archmagi
 R - the +4 chain mail of the Sun {rElec rF++ MP+9 Int-2}
   (You found it on level 9 of the Dungeon)

   Int:       It affects your intelligence (-2).
   rF:        It greatly protects you from fire.
   rElec:     It insulates you from electricity.
   MP:        It affects your magic capacity (+9).
 V - a +1 leather armour of willpower
 W - a +0 pair of boots (worn)
Jewellery
 D - a ring of resist corrosion
 F - a ring of see invisible (left hand)
 N - the ring of Quajopp (right hand) {rPois Str+3 Dex+3}
   (You found it on level 7 of the Dungeon)

   [ring of poison resistance]

   Str:       It affects your strength (+3).
   Dex:       It affects your dexterity (+3).
   rPois:     It protects you from poison.
Wands
 g - a wand of digging (3)
 u - a wand of charming (7)
 E - a wand of paralysis (11)
 O - a wand of polymorph (14)
 S - a wand of acid (10)
 X - a wand of iceblast (8)
Scrolls
 c - 4 scrolls of fog
 d - 6 scrolls of magic mapping
 e - a scroll of fear
 h - 6 scrolls of teleportation {unknown}
 i - 4 scrolls of enchant weapon {unknown}
 o - a scroll of torment
 y - 2 scrolls of summoning {unknown}
 P - a scroll of silence
 Q - 3 scrolls of amnesia {unknown}
 T - a scroll of brand weapon
Potions
 f - 5 potions of haste
 m - 2 potions of heal wounds {unknown}
 n - 2 potions of lignification
 p - 7 potions of curing {unknown}
 r - 2 potions of ambrosia
 s - 2 potions of brilliance
 w - 3 potions of degeneration {unknown}
 B - 2 potions of might {unknown}
 C - 2 potions of mutation {unknown}
 I - 4 potions of berserk rage {unknown}
 K - a potion of invisibility
 M - a potion of magic
 Y - a potion of flight


   Skills:
 - Level 4.0 Fighting
 - Level 12.0 Short Blades
 - Level 2.0 Throwing
 - Level 4.0 Armour
 - Level 5.0 Dodging
 - Level 7.0 Stealth
 - Level 4.0 Spellcasting
 - Level 5.0 Hexes
 - Level 5.2 Translocations
 - Level 3.0 Ice Magic
 + Level 9.3 Invocations
 - Level 3.0 Evocations


You had 14 spell levels left.
You knew the following spells:

 Your Spells              Type           Power      Damage    Failure   Level
a - Ensorcelled Hibernat  Hex/Ice        28%        N/A       12%         2
b - Blink                 Tloc           N/A        N/A       7%          2

Your spell library contained the following spells:

 Spells                   Type           Power      Damage    Failure   Level
 Corona                   Hex            17%        N/A       4%          1
 Tukima's Dance           Hex            16%        N/A       16%         3
 Shock                    Conj/Air       8%         1d3       36%         1
 Passage of Golubria      Tloc           N/A        N/A       43%         4
 Static Discharge         Conj/Air       2%         N/A       52%         2
 Sublimation of Blood     Necr           1%         N/A       52%         2
 Wereblood                Tmut           2%         N/A       52%         2
 Swiftness                Air            2%         N/A       75%         3
 Manifold Assault         Tloc           17%        N/A       78%         5
 Airstrike                Air            1%         N/A       98%         4
 Petrify                  Tmut/Erth      2%         N/A       98%         4
 Summon Forest            Summ/Tloc      5%         N/A       98%         5
 Irradiate                Conj/Tmut      1%         3d14      100%        5
 Lightning Bolt           Conj/Air       1%         1d12      100%        5
 Storm Form               Tmut/Air       1%         N/A       100%        7
 Summon Hydra             Summ           1%         N/A       100%        7
 Maxwell's Capacitive Co  Air            1%         ∞         100%        8
 Fire Storm               Conj/Fire      1%         7d1       100%        9


Dungeon Overview and Level Annotations

Branches:
Dungeon (12/15)            Temple (1/1) D:7             Orc (0/2) D:10
   Lair: D:8-11

Altars:
Ashenzari
Cheibriados
Dithmenos
Elyvilon
Gozag
Hepliaklqana
Kikubaaqudgha
Makhleb
Okawaru
Ru
Sif Muna
Trog
Uskayaw
Vehumet
Wu Jian
Xom
Zin
Beogh

Annotations:
D:2 1 runed translucent door, Crazy Yiuf
D:8 exclusions: boulder beetle, death yak and 3 orcs
D:9 exclusions: centaur, 4 killer bees and tengu warrior
D:10 exclusions: orc sorcerer and phantom
D:12 exclusion: gargoyle


Innate Abilities, Weirdness & Mutations

You are small and have problems with some larger weapons.
You are completely attuned to the shadows.


Message History

You slice the centaur!! You freeze the centaur.
You kill the centaur!
The centaur is no longer paralysed.
The unseen horror hits you. The gargoyle hits you with a +0 flail.
Uskayaw prepares the audience for your solo!
Unknown command.
Your +5 scimitar of freezing stops glowing.
Your hands tingle!
b - a +2 dagger of speed (weapon)
The helpless skeletal warrior fails to defend itself.
You stick the skeletal warrior like a pincushion!!!!
You destroy the skeletal warrior!
Uskayaw will force your foes to share their pain.
Uskayaw links your audience in an emotional bond!
The helpless gargoyle fails to defend itself.
You spit the gargoyle like a pig!!!!
You kill the unseen horror!
You kill the centaur! x2
You destroy the gargoyle!
You can now merge with and destroy a victim.
Your Invocations skill increases to level 9!
The skeletal warrior is no longer paralysed. x2
The skeletal warrior misses you.
The skeletal warrior hits you with a +0 dire flail!
* * * LOW HITPOINT WARNING * * *
Items here: ( )) †.
Unknown command.
Your +5 scimitar of freezing glows with a cold blue light!
a - a +5 scimitar of freezing (weapon)
The skeletal warrior hits you but does no damage.
The skeletal warrior hits you with a +0 dire flail!
* * * LOW HITPOINT WARNING * * *
Unknown command.
You hit the skeletal warrior.
The skeletal warrior is moderately damaged.
The skeletal warrior is no longer sharing its pain.
The skeletal warrior barely misses you.
You riposte.
You closely miss the skeletal warrior.
The skeletal warrior is moderately damaged.
The skeletal warrior hits you with a +0 dire flail!
You die...

#. . #. ..#.
######
...z##.....
#.)z@......
...))#.###
...#.#.#
...#.#.# ..
#.#.# #.######
#......# #9
######.#
#.######...#.#


You could see 2 skeletal warriors.

Vanquished Creatures
  A skeletal warrior (D:12)
  A gargoyle (D:12)
  An unseen horror (D:12)
  2 trolls
  A shadow (D:10)
  4 yaks (D:10)
  A steam dragon (D:10)
  A two-headed ogre zombie (D:10)
  4 water moccasins
  2 black bears (D:5)
  A sky beast (D:6)
  3 ice beasts
  9 orc warriors
  14 killer bees
  6 ogres
  A necrophage (D:4)
  A phantom (D:5)
  5 centaurs
  2 scorpions
  A water moccasin zombie (D:4)
  A wyvern zombie (D:5)
  2 water moccasin skeletons (D:4)
  A troll zombie (D:10)
  5 wights
  6 centaur zombies
  A hound (D:5)
  2 jellies
  2 bullfrog skeletons
  10 orc priests
  2 centaur skeletons
  Terence (D:3)
  2 scorpion zombies (D:4)
  3 iguanas
  7 orc wizards
  A killer bee zombie (D:5)
  6 ogre zombies (D:10)
  A mummy (D:4)
  Robin (D:2)
  3 gnolls (D:2)
  6 adders
  A shadow imp (D:5)
  2 adder skeletons (D:4)
  3 adder zombies
  4 dart slugs
  31 orcs
  8 bats
  10 endoplasms
  4 giant cockroaches
  16 goblins
  15 hobgoblins
  13 jackals
  10 kobolds
  2 quokkas
  8 ball pythons
  2 frilled lizards (D:3)
  A goblin skeleton (D:10)
  2 goblin zombies (D:10)
  6 hobgoblin zombies (D:10)
  3 orc skeletons (D:10)
  13 orc zombies (D:10)
  7 rats
285 creatures vanquished.

Vanquished Creatures (others)
  2 killer bees (D:7)
  A withered plant (D:4)
3 creatures vanquished.

Grand Total: 288 creatures vanquished

Notes
Turn   | Place    | Note
-------+----------+-------------------------------------------
     0 | D:5      | shoop the Kobold Delver began the quest for the Orb.
     0 | D:5      | Reached XP level 1. HP: 14/14 MP: 1/1
    40 | D:5      | Reached skill level 4 in Short Blades
    40 | D:5      | Reached XP level 2. HP: 11/19 MP: 2/2
    40 | D:5      | Reached XP level 3. HP: 14/23 MP: 3/3
   225 | D:4      | Reached skill level 5 in Short Blades
   252 | D:4      | HP: 1/23 [scorpion zombie (3)]
   254 | D:4      | Reached XP level 4. HP: 2/28 MP: 4/4
   832 | D:1      | Reached skill level 6 in Short Blades
   895 | D:1      | Found a faded altar of an unknown god.
  1129 | D:1      | Reached XP level 5. HP: 26/32 MP: 5/5
  2299 | D:2      | Reached skill level 7 in Short Blades
  2308 | D:2      | Noticed Robin
  3006 | D:3      | Noticed Terence
  3009 | D:3      | Killed Terence
  3010 | D:3      | Reached XP level 6. HP: 37/37 MP: 6/6
  4156 | D:2      | Found a runed translucent door.
  4159 | D:2      | Noticed Crazy Yiuf
  4353 | D:2      | Killed Robin
  4536 | D:4      | Reached skill level 1 in Evocations
  4546 | D:4      | Reached XP level 7. HP: 39/42 MP: 7/7
  4553 | D:4      | Reached skill level 8 in Short Blades
  4951 | D:4      | Reached skill level 1 in Throwing
  4997 | D:4      | Reached skill level 1 in Armour
  5294 | D:4      | Reached XP level 8. HP: 19/48 MP: 8/8
  5692 | D:4      | Learned a level 2 spell: Ensorcelled Hibernation
  5776 | D:4      | Learned a level 2 spell: Blink
  5896 | D:5      | Reached skill level 9 in Short Blades
  5896 | D:5      | Reached skill level 1 in Ice Magic
  5935 | D:5      | Reached skill level 1 in Spellcasting
  5935 | D:5      | Reached skill level 1 in Hexes
  5935 | D:5      | Reached skill level 1 in Translocations
  6460 | D:5      | Reached XP level 9. HP: 52/52 MP: 10/12
  6635 | D:5      | Reached skill level 10 in Short Blades
  7935 | D:6      | Got the Incunabulum of the Warped Volcanoes
  8430 | D:7      | Found a faded altar of an unknown god.
  8430 | D:7      | Found a faded altar of an unknown god.
  8432 | D:7      | Found a hazy altar of Hepliaklqana.
  8434 | D:7      | Found a faded altar of an unknown god.
  8438 | D:7      | Found a faded altar of an unknown god.
  8695 | D:7      | Reached skill level 5 in Translocations
  8731 | D:7      | Reached XP level 10. HP: 56/56 MP: 15/15
  8907 | D:7      | Found a staircase to the Ecumenical Temple.
  8913 | Temple   | Entered the Ecumenical Temple
  9056 | Temple   | Became a worshipper of Uskayaw the Reveller
  9184 | D:7      | Reached * piety under Uskayaw
  9248 | D:7      | Identified the ring of Quajopp {rPois Str+3 Dex+3}
  9613 | D:7      | Reached ** piety under Uskayaw
  9828 | D:8      | Reached skill level 1 in Invocations
  9830 | D:8      | Found a shadowy altar of Dithmenos.
  9843 | D:8      | Noticed a boulder beetle
 10025 | D:8      | Noticed a death yak
 10154 | D:9      | Reached *** piety under Uskayaw
 10334 | D:9      | Identified the +4 chain mail of the Sun {rElec rF++ MP+9
                  | Int-2}
 10406 | D:9      | Noticed a two-headed ogre
 10458 | D:9      | Noticed a tengu warrior
 10626 | D:10     | Entered Level 10 of the Dungeon
 10689 | D:10     | Reached **** piety under Uskayaw
 11197 | D:10     | Reached skill level 11 in Short Blades
 11200 | D:10     | Reached ***** piety under Uskayaw
 11375 | D:10     | Reached skill level 5 in Hexes
 11837 | D:10     | Noticed an orc sorcerer
 12387 | D:10     | Reached skill level 5 in Invocations
 12395 | D:10     | Found a staircase to the Orcish Mines.
 12685 | D:10     | Found a bloodstained altar of Trog.
 12845 | D:11     | Noticed a two-headed ogre
 12988 | D:11     | Reached skill level 12 in Short Blades
 13066 | D:11     | Reached XP level 11. HP: 56/61 MP: 17/17
 13168 | D:11     | Reached skill level 5 in Dodging
 14769 | D:11     | Reached ****** piety under Uskayaw
 15379 | D:12     | Noticed a skeletal warrior
 15382 | D:12     | Noticed a skeletal warrior
 15383 | D:12     | Noticed a skeletal warrior
 15390 | D:12     | Killed a skeletal warrior
 15393 | D:12     | HP: 3/61 [skeletal warrior[a skeletal warrior] (14)]
 15394 | D:12     | Mangled by a skeletal warrior

Illustrated notes

Levels and vault maps discovered:
D:1:      dpeg_arrival_radiant, layout_loops_ring,
          shapermc_ecumenical_altar_starsandcircs, minmay_misc_feat_cross
D:2:      kennysheep_six_static_rooms, layout_basic, uniq_crazy_yiuf_cottage,
          uniq_robin
D:3:      layout_basic, uniq_terence
D:4:      layout_rooms, gup_ossuary_entry_pyramid, serial_undead,
          serial_undead_d, serial_undead_a, serial_undead_d, serial_undead_e,
          small_statue_intersection
D:5:      layout_loops_ring, chequers_serial_rivers_micro_c, grunt_ministairs_1
D:6:      layout_rooms
D:7:      layout_basic, nicolae_hepliaklqana_ecumenical_no_more,
          minmay_temple_entry_mist
D:8:      layout_rooms, kennysheep_mini_moat, dpeg_lair_monsters,
          kennysheep_another_room, minmay_bent
D:9:      layout_rooms, nicolae_tso_carved_into_rock
D:10:     layout_basic, trog_hazing_becter, zombieorc2_lemuel,
          chequers_serial_rivers_micro_c
D:11:     layout_loops_corners, special_room [special_room_orc],
          minmay_misc_feat_pillars
D:12:     layout_basic
Temple:   dpeg_five_rooms_temple

Skill      XL: |  1  2  3  4  5  6  7  8  9 10 11 |
---------------+----------------------------------+-----
Short Blades   | 4 5 6 7 8 9 10 12 | 12.0
Dodging        | 3 5 |  5.0
Stealth        | 7 |  7.0
Evocations     | 1 3 |  3.0
Fighting       | 4 |  4.0
Throwing       | 2 |  2.0
Armour         | 2 3 4 |  4.0
Ice Magic      | 2 3 |  3.0
Spellcasting   | 2 3 4 |  4.0
Hexes          | 1 3 5 |  5.0
Translocations | 1 5 |  5.2
Invocations    | 6 9 |  9.3

Action                   |  1- 3 |  4- 6 |  7- 9 | 10-12 || total
-------------------------+-------+-------+-------+-------++-------
Melee: Short sword       |    27 |    98 |   174 |       ||   299
       Dagger            |     6 |   146 |    46 |    52 ||   250
       Scimitar          |       |       |   107 |   270 ||   377
Throw: Dart              |       |       |     2 |     3 ||     5
 Cast: Ensorcelled Hiber |       |       |     5 |    15 ||    20
       Blink             |       |       |       |     4 ||     4
Evoke: Wand              |       |       |     6 |       ||     6
  Use: Potion            |       |       |     1 |       ||     1
       Scroll            |       |       |       |     8 ||     8
 Stab: Sleeping          |     1 |    49 |    21 |    16 ||    87
       Distracted        |     1 |       |       |       ||     1
       Paralysed         |       |       |       |    11 ||    11
Armor: Leather armour    |    12 |    37 |     6 |       ||    55
       Ring mail         |       |       |    69 |   132 ||   201
Dodge: Dodged            |    17 |    96 |   151 |   245 ||   509
       Rpst.: Scimitar   |       |       |    18 |    52 ||    70
